 Dungeon Crawl Stone Soup version 0.16-a0-890-g98fc465 (webtiles) character file.

351 Herrn the Chopper (level 6, -1/38 HPs)
             Began as a Tengu Fighter on Sept 29, 2014.
             Slain by a ball python (2 damage)
             ... in a sewer.
             The game lasted 00:11:14 (2725 turns).

Herrn the Chopper (Tengu Fighter)                   Turns: 2725, Time: 00:11:14

HP  -1/38        AC  7     Str 21      XL: 6   Next: 61%
MP   8/8         EV  6     Int  8      God:
Gold 133         SH 10     Dex 16      Spells:  0 memorised,  5 levels left

rFire  + . .     SeeInvis .     a - +0 war axe
rCold  . . .     Clarity  .     b - +0 scale mail
rNeg   . . .     rCorr    .     c - +0 shield
rPois  .         rRot     .     (helmet restricted)
rElec  .         Spirit   .     (no cloak)
SustAb .         Warding  .     (no gloves)
rMut   .         Stasis   .     (boots unavailable)
Gourm  .                        (no amulet)
MR     .....                    (no ring)
                                r - ring of protection from fire

@: mighty, hasted, constricted, very quick, not resistant to hostile
enchantments, extremely unstealthy
A: able to fly, beak, talons 3
a: Fly


You were in a sewer.
You were not hungry.

You visited 1 branch of the dungeon, and saw 3 of its levels.
You also visited: Sewer.

You collected 133 gold pieces.

Inventory:

Hand weapons
 a - a +0 war axe (weapon)
Armour
 b - a +0 scale mail (worn)
 c - a +0 shield (worn)
Comestibles
 d - 2 bread rations
 g - 2 slices of pizza
 h - a royal jelly
 q - a fruit
 t - a rotting chunk of ball python flesh
 v - a rotting chunk of rat flesh
 z - a chunk of rat flesh
Scrolls
 e - a scroll of teleportation {unknown}
 i - 4 scrolls of identify {unknown}
 j - 2 scrolls of remove curse {unknown}
 l - 2 scrolls of random uselessness {unknown}
 n - a scroll of enchant armour {unknown}
 s - a scroll of enchant weapon {unknown}
 u - 2 scrolls of immolation {unknown}
 w - a scroll of fog {unknown}
 x - a scroll of magic mapping {unknown}
 y - a scroll of fear {unknown}
Jewellery
 r - a ring of protection from fire (left hand)
Potions
 k - a potion of degeneration {unknown}
 m - a potion of restore abilities {unknown}
 o - a potion of agility
 p - a potion of brilliance
 C - a potion of magic {unknown}
 D - a potion of heal wounds {unknown}


   Skills:
 * Level 4.2 Fighting
 * Level 4.5 Axes
 + Level 4.3 Armour
 + Level 2.1 Dodging
 + Level 4.1 Shields


You had 5 spell levels left.
You didn't know any spells.

Dungeon Overview and Level Annotations

Branches:
Dungeon (3/15)

Altars:
Elyvilon
Vehumet


Innate Abilities, Weirdness & Mutations

You can fly.
You have a beak for a mouth.
You have claws for feet.


Message History

* * * LOW HITPOINT WARNING * * *
The ball python constricts you. You block the giant frog's attack.
You hit the giant frog.
The giant frog is lightly wounded.
You barely miss the ball python. Your peck misses the ball python.
You barely miss the giant frog.
The giant frog is lightly wounded.
The giant frog hits you.
* * * LOW HITPOINT WARNING * * *
The giant frog hits you but does no damage.
The ball python bites you but does no damage.
The ball python constricts you. The giant frog hits you.
* * * LOW HITPOINT WARNING * * *
The giant frog hits you but does no damage.
Drink which item? (? for menu, Esc to quit)
You feel yourself speed up.
It was a potion of haste.
The ball python bites you but does no damage.
The ball python constricts you. You block the giant frog's attack.
You block the giant frog's attack. The ball python bites you.
You die...

.##### .##..# ..'..#
..####
...#####################+
.....≈≈≈≈≈≈≈≈≈≈≈≈≈≈≈≈....
.....≈≈≈≈≈≈≈≈≈≈≈≈≈≈≈≈....
....≈≈≈≈≈≈≈≈≈≈≈≈≈F≈≈≈≈....
.....≈≈≈≈≈≈≈≈≈≈≈@S≈≈≈....F
#....≈≈≈≈≈≈≈≈≈≈≈≈F≈≈≈≈....
###.≈≈≈≈≈≈≈≈≈%≈≈≈≈≈≈≈≈...
#######################


You could see 2 giant frogs and a ball python.

Vanquished Creatures
  Sigmund (D:3)
  6 green rats
  2 giant mites (D:3)
  14 adders
  2 giant geckos
  5 orcs (D:3)
  12 ball pythons
  7 bats
  7 hobgoblins
  3 jackals (D:3)
  A giant cockroach (D:1)
  2 giant newts
  3 goblins
  6 kobolds
  29 rats
100 creatures vanquished.

Notes
Turn   | Place    | Note
--------------------------------------------------------------
     0 | D:1      | Herrn, the Tengu Fighter, began the quest for the Orb.
     0 | D:1      | Reached XP level 1. HP: 14/14 MP: 1/1
   181 | D:1      | Reached XP level 2. HP: 17/19 MP: 3/3
   919 | D:2      | Reached XP level 3. HP: 20/23 MP: 4/4
  1173 | D:2      | Found a white marble altar of Elyvilon.
  1264 | D:2      | Found a radiant altar of Vehumet.
  1559 | D:3      | Noticed Sigmund
  1567 | D:3      | Killed Sigmund
  1567 | D:3      | Reached skill level 4 in Armour
  1567 | D:3      | Reached skill level 1 in Dodging
  1567 | D:3      | Reached XP level 4. HP: 14/29 MP: 5/5
  1567 | D:3      | Reached XP level 5. HP: 15/33 MP: 7/7
  1585 | D:3      | Found a glowing drain.
  1666 | D:3      | HP: 1/33 [green rat (8)]
  1711 | Sewer    | Entered a sewer
  2155 | Sewer    | Reached XP level 6. HP: 38/38 MP: 8/8
  2724 | Sewer    | HP: 1/38 [giant frog (4)]
  2725 | Sewer    | Slain by a ball python

Action                   |  1- 3 |  4- 6 || total
-------------------------+-------+-------++-------
Melee: War axe           |    95 |   144 ||   239
  Use: Potion            |     1 |     9 ||    10
  Eat: Chunk             |     1 |     1 ||     2
       Bread ration      |       |     1 ||     1
